 Dungeon Crawl Stone Soup version 0.29.1-15-g9cfb28693d (webtiles) character file.

Game seed: 8975422828985759952

63 Gumption the Chopper (level 3, 0/33 HPs)
             Began as a Minotaur Berserker on Feb 23, 2023.
             Was a Believer of Trog.
             Succumbed to an adder's poison
             ... on level 3 of the Dungeon.
             The game lasted 00:26:33 (1918 turns).

Gumption the Chopper (Minotaur Berserker)           Turns: 1918, Time: 00:26:33

Health: 0/33       AC:  2    Str: 23    XL:     3   Next: 89%
Magic:  2/2        EV: 12    Int:  4    God:    Trog [**....]
Gold:   103        SH:  0    Dex:  9    Spells: 2/2 levels left

rFire   . . .      SeeInvis .   a - +0 hand axe
rCold   . . .      Faith    .   (no shield)
rNeg    . . .      Spirit   .   b - +0 animal skin
rPois   .          Reflect  .   (helmet restricted)
rElec   .          Harm     .   (no cloak)
rCorr   .          Rampage  .   (no gloves)
Will    .....                   (no boots)
Stlth   +.........              (no amulet)
HPRegen 0.11/turn               (no ring)
MPRegen 0.08/turn               (no ring)

@: lethally poisoned (0 -> -1)
A: horns 2, retaliatory headbutt
a: Renounce Religion, Berserk, Trog's Hand


You were on level 3 of the Dungeon.
You worshipped Trog.
Trog was pleased with you.
You visited 1 branch of the dungeon, and saw 3 of its levels.

You collected 103 gold pieces.

Inventory:

Hand Weapons
 a - a +0 hand axe (weapon)
Missiles
 c - 15 stones
 d - 4 boomerangs (quivered)
Armour
 b - a +0 animal skin (worn)
 e - a +0 leather armour
Jewellery
 o - a ring of positive energy
Scrolls
 f - a scroll of butterflies {unknown}
 h - 3 scrolls of vulnerability {unknown}
 i - 2 scrolls of identify {unknown}
 j - a scroll of magic mapping {unknown}
 k - a scroll of noise {unknown}
Potions
 g - 2 potions of invisibility {unknown}
 l - a potion of mutation {unknown}
 m - a potion of heal wounds {unknown}
 n - a potion of might {unknown}


   Skills:
 + Level 4.3 Fighting
 * Level 4.9 Axes
 + Level 3.2 Armour
 - Level 2.2 Dodging


You had 2 spell levels left.
You didn't know any spells.
Your spell library was empty.

Dungeon Overview and Level Annotations

Branches:
Dungeon (3/15)

Altars:


Innate Abilities, Weirdness & Mutations

You have a pair of horns on your head.
You reflexively headbutt those who attack you in melee.


Message History

A goblin comes into view. It is wielding a +0 dagger.
The adder moves out of view.
You closely miss the kobold. You headbutt the kobold.
You kill the kobold!
Trog accepts your kill.
You feel sick.
You feel sick. The goblin closely misses you.
The adder hisses angrily.
You hit the goblin.
You kill the goblin!
Trog accepts your kill.
You feel sick.
You feel sick.
You closely miss the adder.
You feel sick. The adder misses you.
You closely miss the adder.
You feel sick. The adder bites you. x2
You are more poisoned.
The adder poisons you!
You miss the adder.
You feel sick. The adder bites you.
You hit the adder but do no damage.
You feel sick. The adder completely misses you. You furiously retaliate!
You headbutt the adder! You closely miss the adder.
The adder is heavily wounded.
You feel sick. The adder barely misses you. The adder misses you.
You furiously retaliate!
You headbutt the adder. You closely miss the adder.
The adder is almost dead.
You feel sick. The adder bites you.
* * * LOW HITPOINT WARNING * * *
You barely miss the adder.
The adder is almost dead.
You feel sick. The adder barely misses you.
You miss the adder. Your headbutt misses the adder.
The adder is almost dead.
You feel sick. The adder bites you.
* * * LOW HITPOINT WARNING * * *
The adder barely misses you.
You miss the adder.
The adder is almost dead.
You die...

###########.#.##
...........###.#
.......####.#.##
######.#####.##########
#............[..>
#...###.####...##
#.....<## #.)#..#
#.#.##.####.## #
#.#.##.....@.#
#.#.########S).# ..#.#
##.## ###.# .# .# .# .#
..


You could see an adder.

Vanquished Creatures
  An adder (D:2)
  A dart slug (D:1)
  5 ball pythons
  6 bats
  5 endoplasms
  3 giant cockroaches (D:1)
  8 goblins
  2 hobgoblins
  6 kobolds
  2 quokkas
  4 frilled lizards
  4 rats
47 creatures vanquished.

Notes
Turn   | Place    | Note
-------+----------+-------------------------------------------
     0 | D:1      | Gumption the Minotaur Berserker began the quest for the
                  | Orb.
     0 | D:1      | Reached XP level 1. HP: 19/19 MP: 0/0
   189 | D:1      | Reached XP level 2. HP: 27/27 MP: 1/1
   519 | D:1      | Reached XP level 3. HP: 25/33 MP: 2/2
   614 | D:1      | Reached ** piety under Trog
  1229 | D:2      | Found a faded altar of an unknown god.
  1917 | D:3      | HP: 1/33 [adder (2)]
  1918 | D:3      | Succumbed to an adder's poison

Illustrated notes

Levels and vault maps discovered:
D:1:      matt_arrival_refuge, layout_loops_ring, st_stairs_5
D:2:      layout_basic, basic_ecumenical_altar, minivault_19,
          minmay_misc_feat_square
D:3:      layout_loops_ring, serial_forest, infiniplex_forest_clump_tiny,
          infiniplex_forest_end_2, infiniplex_forest_end_2,
          infiniplex_forest_corner_1, infiniplex_forest_clump_diagonal,
          infiniplex_forest_lined_2, infiniplex_forest_corner_1,
          infiniplex_forest_lined_3, infiniplex_forest_lined_1, uniq_sigmund

Skill      XL: |  1  2  3 |
---------------+----------+-----
Axes           | 4 |  4.9
Fighting       | 4 |  4.3
Armour         | 3 |  3.2
Dodging        | |  2.2

Action                   || total
-------------------------++-------
Melee: Hand axe          ||    90
       Headbutt          ||     8
       Punch             ||     1
Throw: Stone             ||     7
       Boomerang         ||     6
 Stab: Sleeping          ||     1
Armor: Animal skin       ||    11
Dodge: Dodged            ||    66
